 Dungeon Crawl Stone Soup version 0.24.1-14-gf8d2b509d9 (console) character file.

Game seed: 15943714558841307097, levelgen mode: deterministic

40 Kagalorn the Skirmisher (level 3, -1/31 HPs)
             Began as a Minotaur Wanderer on Sept 11, 2021.
             Slain by Crazy Yiuf
             ... wielding a +3 quarterstaff of chaos
              (4 damage)
             ... on level 1 of the Dungeon.
             The game lasted 00:06:07 (1589 turns).

Kagalorn the Skirmisher (Minotaur Wanderer)         Turns: 1589, Time: 00:06:07

Health: -1/31      AC:  7    Str: 16    XL:     3   Next: 30%
Magic:  3/3        EV:  9    Int: 10    God:
Gold:   53         SH:  0    Dex:  9    Spells: 3/4 levels left

rFire    + . .     SeeInvis .   a - +0 quarterstaff
rCold    + . .     Gourm    .   (shield currently unavailable)
rNeg     . . .     Faith    .   m - +0 scale mail
rPois    .         Spirit   .   (helmet restricted)
rElec    .         Reflect  .   k - scarf {rC+ rF+}
rCorr    .         Harm     .   (no gloves)
MR       .....                  n - +0 pair of boots
Stlth    ..........             (no amulet)
HPRegen  0.10/turn              (no ring)
MPRegen  0.08/turn              (no ring)

@: very slightly contaminated, hasted, lightly drained, invisible, very quick
A: retaliatory headbutt, horns 2
a: no special abilities


You were on level 1 of the Dungeon.
You were very hungry.

You visited 1 branch of the dungeon, and saw 2 of its levels.

You collected 53 gold pieces.

Inventory:

Hand Weapons
 a - a +0 quarterstaff (weapon)
Missiles
 c - 39 stones (quivered)
 h - 33 bolts
 l - 12 sling bullets
Armour
 k - a scarf of resistance (worn)
 m - a +0 scale mail (worn)
 n - a +0 pair of boots (worn)
Scrolls
 e - a scroll of noise {unknown}
 g - 2 scrolls of remove curse {unknown}
 i - a scroll of teleportation {unknown}
 j - 3 scrolls of identify {unknown}
 p - a scroll of enchant weapon {unknown}
Potions
 d - 2 potions of curing {unknown}
 o - a potion of magic {unknown}
 q - a potion of cancellation {unknown}
 r - 2 potions of lignification {unknown}
Comestibles
 f - 3 rations


   Skills:
 * Level 3.0(2.7) Fighting
 - Level 2.4(2.1) Staves
 - Level 1.0(0.7) Throwing
 + Level 1.6(1.3) Armour
 + Level 1.3(1.0) Dodging
 - Level 1.0(0.7) Stealth
 - Level 1.0(0.7) Spellcasting
   Level 1.2(0.9) Charms
 - Level 1.3(1.1) Poison Magic


You had 3 spell levels left.
You knew the following spells:

 Your Spells              Type           Power        Failure   Level  Hunger
a - Sting                 Conj/Pois      #...         71%         1    ##.....

Your spell library contained the following spells:

 Spells                   Type           Power        Failure   Level  Hunger
 Mephitic Cloud           Conj/Pois/Air  #.......     98%         3    ####...


Dungeon Overview and Level Annotations

Branches:
Dungeon (2/15)

Altars:
Vehumet

Annotations:
D:1 Crazy Yiuf


Innate Abilities, Weirdness & Mutations

You reflexively headbutt those who attack you in melee.
You have a pair of horns on your head.


Message History

You hit Crazy Yiuf but do no damage.
Crazy Yiuf is lightly wounded.
Crazy Yiuf hits you with a +3 quarterstaff of chaos!
* * * LOW HITPOINT WARNING * * *
You feel yourself speed up.
You barely miss Crazy Yiuf.
Crazy Yiuf is lightly wounded.
Crazy Yiuf hits you with a +3 quarterstaff of chaos.
* * * LOW HITPOINT WARNING * * *
You feel drained.
* * * LOW HITPOINT WARNING * * *
You barely miss Crazy Yiuf.
Crazy Yiuf is lightly wounded.
Crazy Yiuf hits you but does no damage.
You hit Crazy Yiuf.
Crazy Yiuf is heavily wounded.
You sock Crazy Yiuf! Your headbutt misses Crazy Yiuf.
Crazy Yiuf is almost dead.
Crazy Yiuf hits you with a +3 quarterstaff of chaos.
You die...

##...#######
##.).## ##.##
#######'## #.#
#.......# #.#
#.####..# #.#
#.####..### #.#
#.......... #.#
#......#..# #g#
#...##...##
#@######.......##
#..........##.##
#########.###.#
#.###.# #.....#
#######


You could see Crazy Yiuf.

Vanquished Creatures
  An adder (D:2)
  A dart slug (D:2)
  A ball python (D:2)
  6 bats
  A giant cockroach (D:2)
  A goblin (D:2)
  4 hobgoblins
  2 frilled lizards
  5 kobolds
  6 rats
28 creatures vanquished.

Notes
Turn   | Place    | Note
-------+----------+-------------------------------------------
     0 | D:1      | Kagalorn the Minotaur Wanderer began the quest for the Orb.
     0 | D:1      | Kagalorn set off with the following items: a +2 dagger, a
                  | potion of heal wounds, a +0 quarterstaff, a +0 robe, a
                  | ration; and the following spell memorised: Sting; and the
                  | following spells available to memorise: Mephitic Cloud
     0 | D:1      | Reached XP level 1. HP: 16/16 MP: 1/1
   350 | D:1      | Reached skill level 2 in Fighting
   453 | D:1      | Reached XP level 2. HP: 23/24 MP: 2/2
   459 | D:1      | Reached skill level 1 in Armour
  1105 | D:2      | Reached skill level 1 in Dodging
  1152 | D:2      | Reached XP level 3. HP: 21/30 MP: 3/3
  1389 | D:2      | Reached skill level 3 in Fighting
  1400 | D:2      | Found a radiant altar of Vehumet.
  1465 | D:2      | Found a runed translucent door.
  1466 | D:2      | Noticed Crazy Yiuf
  1474 | D:2      | HP: 1/31 [Crazy Yiuf/+3 quarterstaff of chaos (1)]
  1589 | D:1      | Slain by Crazy Yiuf

Levels and vault maps discovered:
D:1:      minmay_arrival_jagged, layout_loops_corners
D:2:      layout_loops_ring, dancing_weapons_uskayaw, vehumet_crystals,
          first_ration, uniq_crazy_yiuf_cottage

Skill      XL: |  1  2  3 |
---------------+----------+-----
Fighting       | 2 3 |  3.0
Armour         | 1 |  1.6
Dodging        | 1 |  1.3
Staves         | |  2.4
Throwing       | |  1.0
Stealth        | |  1.0
Spellcasting   | |  1.0
Charms         | |  1.2
Poison Magic   | |  1.3

Action                   || total
-------------------------++-------
Melee: Quarterstaff      ||    78
       Dagger            ||     2
       Headbutt          ||     4
  Use: Potion            ||     1
  Eat: Chunk             ||     1
Armor: Robe              ||    10
       Scale mail        ||    32
Dodge: Dodged            ||    42
